Diablos vs Thunder
(R1)
Created - December 15, 2020 at 19:47
Goals
|
| Diablos |
0 |
3 |
2 |
5 |
| Thunder |
0 |
3 |
1 |
4 |
|
Shots
|
| Diablos |
12 |
15 |
7 |
34 |
| Thunder |
4 |
10 |
13 |
27 |
|
1st period
No Goal
Penalties :
Ryan Graves (TRO) for Tripping (Minor) at 14:19
2nd period
1. Thunder , Brayden Point 3 (Dany Roussin 28) at 9:01
2. Diablos , Corey Trivino 3 (Brian Dumoulin 17, Adrian Kempe 23) at 9:15
3. Thunder , Jakob Lilja 2 (Zach Stepan 4) at 10:01
4. Diablos , Adam Gaudette 7 (Jiri Sekac 9, Corey Trivino 11) at 14:41
5. Diablos , Adrian Kempe 16 (Guillaume Brisebois 1, Peter Holland 24) at 16:31 (PP)
6. Thunder , Jamie McGinn 6 (Trevor Lewis 10) at 18:30 (PP)
Penalties :
Mikko Vainonen (TRO) for Interference (Minor) at 16:16, Viktor Loov (Don) for Roughing (Minor) at 17:57
3rd period
7. Diablos , Sergey Tolchinsky 7 (Alex Petrovic 4) at 1:01
8. Diablos , Adrian Kempe 17 (Viktor Loov 13, Danton Heinen 18) at 3:44
9. Thunder , Brayden Point 4 (Roman Josi 12, Dany Roussin 29) at 4:17 (PP)
Penalties :
Alex Petrovic (Don) for Interference (Minor) at 4:00, Danton Heinen (Don) for Slashing (Minor) at 13:06, Colton Sceviour (TRO) for Hooking (Minor) at 19:07
Goalie Stats
Joni Ortio (Don), 23 saves from 27 shots - (0.852), W, 11-6-3, 60:00 minutes
Sergei Kostenko (TRO), 29 saves from 34 shots - (0.853), L, 4-5-0, 60:00 minutes
Players Stats for Diablos
Player Name G A P +/- PIM S H SB GA TA FO MP PP MP PK MP
------------------------------------------------------------------------------------
Adam Gaudette 1 0 1 1 0 2 3 0 0 1 2/8 15:55 0:05 0:14
Adrian Kempe 2 1 3 0 0 5 2 0 0 2 1/1 21:07 1:51 0:00
Alex Petrovic 0 1 1 0 2 0 0 0 1 0 0/0 18:26 0:52 0:58
Andrey Pedan 0 0 0 0 0 0 1 1 0 1 0/0 15:36 0:00 0:00
Brian Dumoulin 0 1 1 3 0 2 1 1 2 0 0/0 27:47 2:14 0:58
Corey Trivino 1 1 2 0 0 3 2 0 0 1 13/29 22:13 1:10 1:31
Corey Tropp 0 0 0 1 0 1 1 0 3 0 0/1 15:04 0:00 0:31
Danton Heinen 0 1 1 0 2 0 1 0 1 0 1/1 21:33 1:51 0:00
Dean Kukan 0 0 0 -1 0 3 1 0 0 0 0/0 14:39 0:00 1:41
Dominic Turgeon 0 0 0 0 0 0 0 0 1 0 1/1 9:06 0:00 0:00
Guillaume Brisebois 0 1 1 -1 0 0 1 0 0 1 0/0 15:28 0:52 1:00
Jakub Vrana 0 0 0 0 0 1 3 0 0 0 1/1 9:06 0:00 0:00
Jiri Sekac 0 1 1 1 0 4 5 0 0 0 0/0 16:27 1:10 0:33
Peter Holland 0 1 1 1 0 3 2 0 0 0 2/4 12:33 1:51 0:40
Sergey Tolchinsky 1 0 1 1 0 3 0 0 0 1 0/0 11:44 0:05 0:40
Ty Rattie 0 0 0 0 0 5 3 0 0 0 0/0 9:52 0:05 0:00
Tyler Pitlick 0 0 0 1 0 1 1 1 0 1 0/0 12:41 1:10 1:29
Viktor Loov 0 1 1 3 2 1 1 2 1 0 0/0 27:50 2:14 1:01
Players Stats for Thunder
Player Name G A P +/- PIM S H SB GA TA FO MP PP MP PK MP
------------------------------------------------------------------------------------
Artturi Lehkonen 0 0 0 0 0 0 0 0 0 1 0/0 11:19 0:00 0:00
Artur Gavrus 0 0 0 0 0 0 0 0 0 0 0/0 0:00 0:00 0:00
Austin Poganski 0 0 0 -1 0 0 0 0 0 1 0/1 17:35 0:52 0:00
Brayden Point 2 0 2 -1 0 4 5 2 0 0 14/23 23:36 1:27 1:39
Colby Cave 0 0 0 0 0 0 0 0 0 0 0/1 2:22 0:00 0:34
Colton Sceviour 0 0 0 -1 2 2 1 0 0 0 0/1 15:44 1:42 0:00
Dany Roussin 0 2 2 -1 0 3 1 1 1 0 1/3 23:53 1:42 1:27
Gianluca Curcuruto 0 0 0 1 0 0 1 2 1 0 0/0 11:38 0:00 0:47
Jakob Lilja 1 0 1 0 0 1 1 0 0 0 0/0 10:02 0:00 0:31
Jamie McGinn 1 0 1 -1 0 8 5 1 1 0 1/1 19:24 1:04 0:56
Jarrod Maidens 0 0 0 0 0 0 0 0 0 0 0/0 0:00 0:00 0:00
Jesper Pettersson 0 0 0 -1 0 1 0 1 0 0 0/0 15:45 1:00 0:00
Jordan Weal 0 0 0 0 0 1 2 1 0 0 1/1 11:28 0:00 0:09
Josh Manson 0 0 0 -2 0 1 1 2 3 3 0/0 27:07 1:11 2:19
Mackenze Stewart 0 0 0 0 0 0 0 0 0 1 0/0 7:04 0:00 0:00
Mikko Vainonen 0 0 0 -1 2 0 0 1 0 1 0/0 19:45 1:38 0:32
Nikolay Prokhorkin 0 0 0 0 0 0 0 0 0 0 0/0 5:52 0:21 0:00
Roman Josi 0 1 1 -2 0 3 0 0 2 1 0/0 24:10 1:11 2:19
Ryan Graves 0 0 0 1 2 1 0 1 0 0 0/0 15:10 0:38 0:15
Trevor Lewis 0 1 1 -1 0 2 1 3 0 0 6/11 19:27 1:07 0:56
Vincent Dunn 0 0 0 0 0 0 0 0 0 0 1/2 4:11 0:12 0:00
Zach Stepan 0 1 1 0 0 0 0 0 0 1 1/2 11:19 0:00 0:00
3 Stars
1 - Adrian Kempe (Don)
2 - Brayden Point (TRO)
3 - Corey Trivino (Don)
Power Play
Diablos - 1 on 2 Attempt(s) - 50.00%
Thunder - 2 on 4 Attempt(s) - 50.00%
Penalty Kill
Diablos - 2 on 4 Attempt(s) - 50.00%
- Score 0 goal in Penalty Kill
Thunder - 1 on 2 Attempt(s) - 50.00%
- Score 0 goal in Penalty Kill
Team Stat
Diablos - Hits : 28 - Faceoff Wins : 21 - Blocked Shots : 5 - Penalty Minutes : 6
Thunder - Hits : 18 - Faceoff Wins : 25 - Blocked Shots : 15 - Penalty Minutes : 6
Official
Referees : Unknown
Linesman : Unknown
Game Notes
5:55 of 2nd period - Penalty Shot by Adam Gaudette for Diablos - Stopped by Sergei Kostenko
9:15 of 2nd period - Diablos goal is going for a video replay. After video review, Goal.
Gianluca Curcuruto is injured at 17:48 of 2nd period (Broken Left Thumb)
Finance
Level 1 -- Attendance: 1469 (73.45%) -- Ticket Income $58,760
Level 2 -- Attendance: 687 (68.70%) -- Ticket Income $13,740
Total Attendance: 2156 (71.87%)
Total Ticket Income: $72,500
Other Income: $3,625
Total Income: $76,125
Diablos
5 vs 5 Forward
Center Left Wing Right Wing Time % Phy DF OF
1 Corey Trivino Adrian Kempe Danton Heinen 45 0 2 3
2 Adam Gaudette Jiri Sekac Corey Tropp 30 0 2 3
3 Peter Holland Sergey Tolchinsky Tyler Pitlick 15 0 2 3
4 Dominic Turgeon Jakub Vrana Ty Rattie 10 0 3 2
5 vs 5 Defense
Defense Defense Time % Phy DF OF
1 Viktor Loov Brian Dumoulin 40 0 3 2
2 Alex Petrovic Andrey Pedan 30 0 3 2
3 Dean Kukan Guillaume Brisebois 20 0 4 1
4 Viktor Loov Brian Dumoulin 10 0 3 2
PowerPlay Forward
Center Left Wing Right Wing Time % Phy DF OF
1 Peter Holland Adrian Kempe Danton Heinen 60 0 0 5
2 Corey Trivino Jiri Sekac Tyler Pitlick 40 0 0 5
PowerPlay Defense
Defense Defense Time % Phy DF OF
1 Brian Dumoulin Viktor Loov 60 0 1 4
2 Guillaume Brisebois Alex Petrovic 40 0 1 4
Penalty Kill 4 Players Forward
Center Wing Time % Phy DF OF
1 Corey Trivino Tyler Pitlick 60 1 4 0
2 Peter Holland Sergey Tolchinsky 40 1 4 0
Penalty Kill 4 Players Defense
Defense Defense Time % Phy DF OF
1 Dean Kukan Viktor Loov 60 1 4 0
2 Brian Dumoulin Alex Petrovic 40 1 4 0
Penalty Kill - 3 Players Forward
Forward Time % Phy DF OF
1 Corey Trivino 60 0 5 0
2 Adam Gaudette 40 0 5 0
Penalty Kill - 3 Players Defense
Defense Defense Time % Phy DF OF
1 Dean Kukan Viktor Loov 60 0 5 0
2 Alex Petrovic Andrey Pedan 40 0 5 0
4 vs 4 Forward
Center Wing Time % Phy DF OF
1 Peter Holland Adrian Kempe 60 0 2 3
2 Corey Trivino Danton Heinen 40 0 2 3
4 vs 4 Defense
Defense Defense Time % Phy DF OF
1 Viktor Loov Brian Dumoulin 60 0 2 3
2 Andrey Pedan Dean Kukan 40 0 2 3
Last Minutes Offensive
Center Left Wing Right Wing Defense Defense
Peter Holland Adrian Kempe Danton Heinen Brian Dumoulin Viktor Loov
Last Minutes Defensive
Center Left Wing Right Wing Defense Defense
Corey Trivino Sergey Tolchinsky Corey Tropp Viktor Loov Dean Kukan
Goaltenders
Starting : Joni Ortio
Backup : Jean-Francois Berube
Extra Forwards
Normal : Adrian Kempe, Danton Heinen, Peter Holland - PP : Danton Heinen, Adrian Kempe - PK : Corey Tropp
Extra Defensemen
Normal : Brian Dumoulin, Viktor Loov, Guillaume Brisebois - PP : Brian Dumoulin - PK : Dean Kukan, Viktor Loov
Penalty Shots
Peter Holland, Adrian Kempe, Danton Heinen, Corey Trivino, Corey Tropp
Scratches
Mason Appleton (Healthy), Tyler Lewington (Healthy), Daniel Sprong (Healthy), Tobias Lindberg (Healthy), Scott Glennie (Healthy)
Charles Hudon (Healthy), Andrei Mironov (Torn Left Knee Ligaments Injury), Jack Glover (Healthy), Ryan MacInnis (Healthy)
Thunder
5 vs 5 Forward
Center Left Wing Right Wing Time % Phy DF OF
1 Brayden Point Dany Roussin Colton Sceviour 40 1 2 2
2 Trevor Lewis Jamie McGinn Austin Poganski 30 1 2 2
3 Zach Stepan Artturi Lehkonen Dany Roussin 20 1 2 2
4 Jordan Weal Jakob Lilja Brayden Point 10 1 2 2
5 vs 5 Defense
Defense Defense Time % Phy DF OF
1 Josh Manson Roman Josi 40 1 2 2
2 Mikko Vainonen Gianluca Curcuruto 30 1 2 2
3 Jesper Pettersson Ryan Graves 20 1 2 2
4 Mackenze Stewart Josh Manson 10 1 2 2
PowerPlay Forward
Center Left Wing Right Wing Time % Phy DF OF
1 Brayden Point Dany Roussin Colton Sceviour 60 1 2 2
2 Trevor Lewis Jamie McGinn Austin Poganski 40 1 2 2
PowerPlay Defense
Defense Defense Time % Phy DF OF
1 Josh Manson Roman Josi 60 1 2 2
2 Mikko Vainonen Gianluca Curcuruto 40 1 2 2
Penalty Kill 4 Players Forward
Center Wing Time % Phy DF OF
1 Dany Roussin Brayden Point 60 1 2 2
2 Trevor Lewis Jamie McGinn 40 1 2 2
Penalty Kill 4 Players Defense
Defense Defense Time % Phy DF OF
1 Josh Manson Roman Josi 60 1 2 2
2 Mikko Vainonen Gianluca Curcuruto 40 1 2 2
Penalty Kill - 3 Players Forward
Forward Time % Phy DF OF
1 Dany Roussin 60 1 2 2
2 Brayden Point 40 1 2 2
Penalty Kill - 3 Players Defense
Defense Defense Time % Phy DF OF
1 Josh Manson Roman Josi 60 1 2 2
2 Mikko Vainonen Gianluca Curcuruto 40 1 2 2
4 vs 4 Forward
Center Wing Time % Phy DF OF
1 Dany Roussin Brayden Point 60 1 2 2
2 Trevor Lewis Jamie McGinn 40 1 2 2
4 vs 4 Defense
Defense Defense Time % Phy DF OF
1 Josh Manson Roman Josi 60 1 2 2
2 Mikko Vainonen Gianluca Curcuruto 40 1 2 2
Last Minutes Offensive
Center Left Wing Right Wing Defense Defense
Brayden Point Dany Roussin Colton Sceviour Josh Manson Roman Josi
Last Minutes Defensive
Center Left Wing Right Wing Defense Defense
Brayden Point Dany Roussin Colton Sceviour Josh Manson Roman Josi
Goaltenders
Starting : Sergei Kostenko
Backup : Niklas Treutle
Extra Forwards
Normal : Nikolay Prokhorkin, Vincent Dunn, Colby Cave - PP : Nikolay Prokhorkin, Vincent Dunn - PK : Colby Cave
Extra Defensemen
Normal : Jesper Pettersson, Ryan Graves, Mackenze Stewart - PP : Jesper Pettersson - PK : Ryan Graves, Mackenze Stewart
Penalty Shots
Dany Roussin, Brayden Point, Trevor Lewis, Jamie McGinn, Zach Stepan
Scratches
Angelo Esposito (Left Hip Injury), Emil Johansson (Healthy)
% Time on Ice - Diablos
Lines # - Real PCT - Wanted PCT - Time Play
Normal Forward
1 - 38% - 45% - 20:24
2 - 27% - 30% - 14:17
3 - 19% - 15% - 10:02
4 - 17% - 10% - 9:06
Normal Defense
1 - 37% - 40% - 20:05
2 - 31% - 30% - 16:37
3 - 23% - 20% - 12:38
4 - 8% - 10% - 4:29
PP Forward
1 - 62% - 60% - 1:56
2 - 38% - 40% - 1:10
PP Defense
1 - 72% - 60% - 2:14
2 - 28% - 40% - 0:52
PK Forward
1 - 76% - 60% - 2:09
2 - 24% - 40% - 0:40
PK Defense
1 - 66% - 60% - 1:51
2 - 34% - 40% - 0:58
PK3 Forward
1 - 0% - 60%
2 - 0% - 40%
PK3 Defense
1 - 0% - 60%
2 - 0% - 40%
44 Forward
1 - 0% - 60%
2 - 0% - 40%
44 Defense
1 - 0% - 60%
2 - 0% - 40%
Last Minute Offensive - 0:00
Last Minute Defensive - 0:16
Total
Forward - 60:00
Defense - 60:00
|
% Time on Ice - Thunder
Lines # - Real PCT - Wanted PCT - Time Play
Normal Forward
1 - 26% - 40% - 14:03
2 - 36% - 30% - 19:12
3 - 21% - 20% - 11:19
4 - 18% - 10% - 9:31
Normal Defense
1 - 36% - 40% - 19:38
2 - 34% - 30% - 18:38
3 - 21% - 20% - 11:32
4 - 8% - 10% - 4:17
PP Forward
1 - 60% - 60% - 1:42
2 - 40% - 40% - 1:07
PP Defense
1 - 42% - 60% - 1:11
2 - 58% - 40% - 1:38
PK Forward
1 - 70% - 60% - 2:10
2 - 30% - 40% - 0:56
PK Defense
1 - 75% - 60% - 2:19
2 - 25% - 40% - 0:47
PK3 Forward
1 - 0% - 60%
2 - 0% - 40%
PK3 Defense
1 - 0% - 60%
2 - 0% - 40%
44 Forward
1 - 0% - 60%
2 - 0% - 40%
44 Defense
1 - 0% - 60%
2 - 0% - 40%
Last Minute Offensive - 0:00
Last Minute Defensive - 0:00
Total
Forward - 60:00
Defense - 60:00
|
Play-by-Play
1st period
0:01 of 1st period - Brayden Point wins face-off versus Corey Trivino in neutral zone.
0:23 of 1st period - Icing by Brian Dumoulin.
0:24 of 1st period - Jamie McGinn wins face-off versus Corey Trivino in Diablos zone.
0:25 of 1st period - Wrist shot by Trevor Lewis.
0:25 of 1st period - Shot Misses the Net.
1:06 of 1st period - Slapshot by Corey Tropp.
1:06 of 1st period - Stopped by Sergei Kostenko with a rebound.
2:16 of 1st period - Roman Josi is hit by Corey Trivino.
2:26 of 1st period - Wrist shot by Peter Holland.
2:26 of 1st period - Shot Misses the Net.
3:05 of 1st period - Ryan Graves is hit by Corey Trivino and loses puck.
3:12 of 1st period - Brian Dumoulin is hit by Jordan Weal and loses puck.
4:40 of 1st period - Snap shot by Jakub Vrana.
4:40 of 1st period - Stopped by Sergei Kostenko with a rebound.
4:42 of 1st period - Slapshot by Dean Kukan.
4:42 of 1st period - Shot Misses the Net.
5:14 of 1st period - Wrist shot by Jamie McGinn.
5:14 of 1st period - Stopped by Joni Ortio without a rebound.
5:15 of 1st period - Adam Gaudette wins face-off versus Trevor Lewis in Diablos zone.
5:22 of 1st period - Snap shot by Jiri Sekac.
5:22 of 1st period - Shot Misses the Net.
6:01 of 1st period - Snap shot by Ty Rattie.
6:01 of 1st period - Shot Blocked by Josh Manson.
6:03 of 1st period - Slapshot by Dean Kukan.
6:03 of 1st period - Deflect By Josh Manson.
6:03 of 1st period - Stopped by Sergei Kostenko with a rebound.
6:07 of 1st period - Snap shot by Ty Rattie.
6:07 of 1st period - Stopped by Sergei Kostenko with a rebound.
6:13 of 1st period - Snap shot by Ty Rattie.
6:13 of 1st period - Stopped by Sergei Kostenko with a rebound.
7:11 of 1st period - Snap shot by Adrian Kempe.
7:11 of 1st period - Shot Blocked by Trevor Lewis.
7:41 of 1st period - Snap shot by Ty Rattie.
7:41 of 1st period - Stopped by Sergei Kostenko with a rebound.
7:49 of 1st period - Wrist shot by Ty Rattie.
7:49 of 1st period - Shot Blocked by Dany Roussin.
8:07 of 1st period - Danton Heinen is hit by Jamie McGinn and loses puck.
8:26 of 1st period - Andrey Pedan is hit by Brayden Point and loses puck.
8:55 of 1st period - Jordan Weal is hit by Ty Rattie and loses puck.
9:10 of 1st period - Adrian Kempe is hit by Jamie McGinn and loses puck.
10:25 of 1st period - Trevor Lewis is hit by Tyler Pitlick and loses puck.
10:34 of 1st period - Wrist shot by Sergey Tolchinsky.
10:34 of 1st period - Shot Misses the Net.
10:46 of 1st period - Brayden Point is hit by Adrian Kempe and loses puck.
11:03 of 1st period - Dany Roussin is hit by Jiri Sekac and loses puck.
11:25 of 1st period - Jakub Vrana is hit by Jakob Lilja and loses puck.
11:44 of 1st period - Icing by Viktor Loov.
11:45 of 1st period - Danton Heinen wins face-off versus Zach Stepan in Diablos zone.
12:22 of 1st period - Snap shot by Jiri Sekac.
12:22 of 1st period - Stopped by Sergei Kostenko with a rebound.
12:24 of 1st period - Slapshot by Alex Petrovic.
12:24 of 1st period - Shot Misses the Net.
12:34 of 1st period - Wrist shot by Peter Holland.
12:34 of 1st period - Shot Blocked by Brayden Point.
12:36 of 1st period - Slapshot by Dean Kukan.
12:36 of 1st period - Stopped by Sergei Kostenko with a rebound.
12:38 of 1st period - Snap shot by Sergey Tolchinsky.
12:38 of 1st period - Shot Misses the Net.
12:40 of 1st period - Snap shot by Peter Holland.
12:40 of 1st period - Stopped by Sergei Kostenko without a rebound.
12:41 of 1st period - Corey Trivino wins face-off versus Brayden Point in Thunder zone.
12:42 of 1st period - Snap shot by Adrian Kempe.
12:42 of 1st period - Shot Misses the Net.
13:06 of 1st period - Jamie McGinn is hit by Jiri Sekac.
13:49 of 1st period - Snap shot by Ty Rattie.
13:49 of 1st period - Stopped by Sergei Kostenko with a rebound.
13:51 of 1st period - Slapshot by Dean Kukan.
13:51 of 1st period - Deflect By Jakub Vrana.
13:51 of 1st period - Shot Blocked by Gianluca Curcuruto.
13:51 of 1st period - Puck is out of play.
13:52 of 1st period - Corey Trivino wins face-off versus Trevor Lewis in Thunder zone.
14:00 of 1st period - Snap shot by Jamie McGinn.
14:00 of 1st period - Stopped by Joni Ortio with a rebound.
14:02 of 1st period - Slapshot by Trevor Lewis.
14:02 of 1st period - Shot Misses the Net.
14:04 of 1st period - Snap shot by Jamie McGinn.
14:04 of 1st period - Stopped by Joni Ortio with a rebound.
14:19 of 1st period - Minor Penalty to Ryan Graves for Tripping.
14:20 of 1st period - Peter Holland wins face-off versus Dany Roussin in Thunder zone.
14:21 of 1st period - Snap shot by Adrian Kempe.
14:21 of 1st period - Shot Misses the Net.
14:23 of 1st period - Slapshot by Brian Dumoulin.
14:23 of 1st period - Stopped by Sergei Kostenko with a rebound.
14:25 of 1st period - Slapshot by Viktor Loov.
14:25 of 1st period - Shot Misses the Net.
14:27 of 1st period - Slapshot by Viktor Loov.
14:27 of 1st period - Shot Misses the Net.
14:29 of 1st period - Slapshot by Brian Dumoulin.
14:29 of 1st period - Shot Misses the Net.
16:19 of 1st period - Penalty to Ryan Graves is over, Ryan Graves is back on ice.
16:23 of 1st period - Snap shot by Adam Gaudette.
16:23 of 1st period - Stopped by Sergei Kostenko with a rebound.
16:29 of 1st period - Gianluca Curcuruto is hit by Guillaume Brisebois and loses puck.
16:36 of 1st period - Sergey Tolchinsky is hit by Trevor Lewis and loses puck.
16:57 of 1st period - Snap shot by Trevor Lewis.
16:57 of 1st period - Shot Misses the Net.
16:59 of 1st period - Snap shot by Jamie McGinn.
16:59 of 1st period - Stopped by Joni Ortio without a rebound.
17:00 of 1st period - Corey Trivino wins face-off versus Brayden Point in Diablos zone.
17:14 of 1st period - Adrian Kempe is hit by Dany Roussin and loses puck.
17:51 of 1st period - Roman Josi is hit by Brian Dumoulin and loses puck.
18:52 of 1st period - Austin Poganski is hit by Jiri Sekac and loses puck.
Goals for this period are 0 for Diablos vs 0 for Thunder.
Shots for this period are 12 for Diablos vs 4 for Thunder.
2nd period
0:01 of 2nd period - Brayden Point wins face-off versus Corey Trivino in neutral zone.
0:51 of 2nd period - Snap shot by Peter Holland.
0:51 of 2nd period - Stopped by Sergei Kostenko with a rebound.
0:53 of 2nd period - Slapshot by Peter Holland.
0:53 of 2nd period - Stopped by Sergei Kostenko with a rebound.
0:59 of 2nd period - Snap shot by Tyler Pitlick.
0:59 of 2nd period - Stopped by Sergei Kostenko with a rebound.
1:40 of 2nd period - Wrist shot by Trevor Lewis.
1:40 of 2nd period - Stopped by Joni Ortio with a rebound.
2:46 of 2nd period - Dominic Turgeon is hit by Colton Sceviour and loses puck.
2:55 of 2nd period - Brayden Point is hit by Ty Rattie and loses puck.
3:38 of 2nd period - Jakob Lilja is hit by Viktor Loov and loses puck.
3:51 of 2nd period - Snap shot by Jakub Vrana.
3:51 of 2nd period - Shot Blocked by Trevor Lewis.
4:07 of 2nd period - Dany Roussin is hit by Peter Holland.
4:39 of 2nd period - Josh Manson is hit by Adam Gaudette and loses puck.
4:52 of 2nd period - Trevor Lewis is hit by Jakub Vrana.
5:10 of 2nd period - Jordan Weal is hit by Peter Holland.
5:55 of 2nd period - Penalty Shot by Adam Gaudette for Diablos .
5:55 of 2nd period - Backhand shot by Adam Gaudette.
5:55 of 2nd period - Stopped by Sergei Kostenko.
5:56 of 2nd period - Trevor Lewis wins face-off versus Corey Trivino in Diablos zone.
6:08 of 2nd period - Icing by Austin Poganski.
6:09 of 2nd period - Trevor Lewis wins face-off versus Corey Trivino in Thunder zone.
7:08 of 2nd period - Brian Dumoulin is hit by Gianluca Curcuruto.
8:06 of 2nd period - Trevor Lewis is hit by Adam Gaudette.
8:10 of 2nd period - Snap shot by Jiri Sekac.
8:10 of 2nd period - Stopped by Sergei Kostenko without a rebound.
8:11 of 2nd period - Corey Trivino wins face-off versus Austin Poganski in Thunder zone.
8:18 of 2nd period - Wrist shot by Danton Heinen.
8:18 of 2nd period - Shot Misses the Net.
8:23 of 2nd period - Off-side.
8:24 of 2nd period - Zach Stepan wins face-off versus Corey Trivino in neutral zone.
8:49 of 2nd period - Alex Petrovic is hit by Josh Manson and loses puck.
8:57 of 2nd period - Off-side.
8:58 of 2nd period - Brayden Point wins face-off versus Corey Trivino in neutral zone.
9:01 of 2nd period - Wrist shot by Brayden Point.
9:01 of 2nd period - Goal by Brayden Point - Diablos : 0 - Thunder : 1.
9:02 of 2nd period - Corey Trivino wins face-off versus Brayden Point in neutral zone.
9:09 of 2nd period - Wrist shot by Corey Trivino.
9:09 of 2nd period - Deflect By Dany Roussin.
9:09 of 2nd period - Stopped by Sergei Kostenko without a rebound.
9:10 of 2nd period - Corey Trivino wins face-off versus Dany Roussin in Thunder zone.
9:13 of 2nd period - Snap shot by Adrian Kempe.
9:13 of 2nd period - Stopped by Sergei Kostenko with a rebound.
9:15 of 2nd period - Slapshot by Brian Dumoulin.
9:15 of 2nd period - Deflect By Corey Trivino.
9:15 of 2nd period - Diablos goal is going for a video replay.
9:15 of 2nd period - The goal is good.
9:15 of 2nd period - Goal by Corey Trivino - Diablos : 1 - Thunder : 1.
9:16 of 2nd period - Brayden Point wins face-off versus Corey Trivino in neutral zone.
9:47 of 2nd period - Slapshot by Roman Josi.
9:47 of 2nd period - Shot Misses the Net.
9:49 of 2nd period - Slapshot by Austin Poganski.
9:49 of 2nd period - Shot Blocked by Andrey Pedan.
10:01 of 2nd period - Wrist shot by Jakob Lilja.
10:01 of 2nd period - Goal by Jakob Lilja - Diablos : 1 - Thunder : 2.
10:02 of 2nd period - Brayden Point wins face-off versus Corey Tropp in neutral zone.
10:05 of 2nd period - Slapshot by Roman Josi.
10:05 of 2nd period - Stopped by Joni Ortio without a rebound.
10:06 of 2nd period - Brayden Point wins face-off versus Adam Gaudette in Diablos zone.
10:11 of 2nd period - Slapshot by Roman Josi.
10:11 of 2nd period - Stopped by Joni Ortio with a rebound.
10:13 of 2nd period - Snap shot by Dany Roussin.
10:13 of 2nd period - Shot Misses the Net.
10:15 of 2nd period - Slapshot by Brayden Point.
10:15 of 2nd period - Stopped by Joni Ortio without a rebound.
10:16 of 2nd period - Corey Trivino wins face-off versus Brayden Point in Diablos zone.
11:20 of 2nd period - Snap shot by Adam Gaudette.
11:20 of 2nd period - Shot Blocked by Brayden Point.
11:22 of 2nd period - Snap shot by Sergey Tolchinsky.
11:22 of 2nd period - Stopped by Sergei Kostenko with a rebound.
11:24 of 2nd period - Slapshot by Dean Kukan.
11:24 of 2nd period - Stopped by Sergei Kostenko with a rebound.
11:30 of 2nd period - Brian Dumoulin is hit by Brayden Point and loses puck.
11:43 of 2nd period - Ryan Graves is hit by Jakub Vrana and loses puck.
12:10 of 2nd period - Slapshot by Josh Manson.
12:10 of 2nd period - Shot Blocked by Tyler Pitlick.
12:46 of 2nd period - Wrist shot by Alex Petrovic.
12:46 of 2nd period - Shot Blocked by Jesper Pettersson.
12:56 of 2nd period - Snap shot by Jakub Vrana.
12:56 of 2nd period - Shot Blocked by Ryan Graves.
13:30 of 2nd period - Trevor Lewis is hit by Dean Kukan and loses puck.
13:57 of 2nd period - Wrist shot by Jiri Sekac.
13:57 of 2nd period - Stopped by Sergei Kostenko without a rebound.
13:58 of 2nd period - Jordan Weal wins face-off versus Adam Gaudette in Thunder zone.
14:04 of 2nd period - Off-side.
14:05 of 2nd period - Trevor Lewis wins face-off versus Corey Trivino in neutral zone.
14:08 of 2nd period - Slapshot by Josh Manson.
14:08 of 2nd period - Stopped by Joni Ortio without a rebound.
14:09 of 2nd period - Corey Trivino wins face-off versus Trevor Lewis in Diablos zone.
14:09 of 2nd period - Corey Trivino is hit by Jamie McGinn.
14:15 of 2nd period - Snap shot by Trevor Lewis.
14:15 of 2nd period - Shot Misses the Net.
14:17 of 2nd period - Slapshot by Roman Josi.
14:17 of 2nd period - Stopped by Joni Ortio with a rebound.
14:19 of 2nd period - Snap shot by Austin Poganski.
14:19 of 2nd period - Shot Misses the Net.
14:21 of 2nd period - Slapshot by Austin Poganski.
14:21 of 2nd period - Shot Misses the Net.
14:23 of 2nd period - Wrist shot by Josh Manson.
14:23 of 2nd period - Shot Misses the Net.
14:25 of 2nd period - Wrist shot by Jamie McGinn.
14:25 of 2nd period - Stopped by Joni Ortio with a rebound.
14:39 of 2nd period - Wrist shot by Jiri Sekac.
14:39 of 2nd period - Shot Hit the Post.
14:41 of 2nd period - Wrist shot by Adam Gaudette.
14:41 of 2nd period - Goal by Adam Gaudette - Diablos : 2 - Thunder : 2.
14:42 of 2nd period - Brayden Point wins face-off versus Corey Trivino in neutral zone.
14:45 of 2nd period - Adrian Kempe is hit by Brayden Point and loses puck.
14:53 of 2nd period - Icing by Roman Josi.
14:54 of 2nd period - Dany Roussin wins face-off versus Corey Trivino in Thunder zone.
16:13 of 2nd period - Wrist shot by Brian Dumoulin.
16:13 of 2nd period - Stopped by Sergei Kostenko without a rebound.
16:14 of 2nd period - Trevor Lewis wins face-off versus Corey Trivino in Thunder zone.
16:16 of 2nd period - Minor Penalty to Mikko Vainonen for Interference.
16:17 of 2nd period - Peter Holland wins face-off versus Trevor Lewis in Thunder zone.
16:17 of 2nd period - Snap shot by Adrian Kempe.
16:17 of 2nd period - Stopped by Sergei Kostenko with a rebound.
16:19 of 2nd period - Slapshot by Alex Petrovic.
16:19 of 2nd period - Shot Misses the Net.
16:21 of 2nd period - Slapshot by Guillaume Brisebois.
16:21 of 2nd period - Shot Misses the Net.
16:23 of 2nd period - Snap shot by Peter Holland.
16:23 of 2nd period - Shot Hit the Post.
16:25 of 2nd period - Snap shot by Danton Heinen.
16:25 of 2nd period - Shot Misses the Net.
16:27 of 2nd period - Slapshot by Peter Holland.
16:27 of 2nd period - Shot Blocked by Trevor Lewis.
16:29 of 2nd period - Slapshot by Guillaume Brisebois.
16:29 of 2nd period - Shot Misses the Net.
16:31 of 2nd period - Wrist shot by Adrian Kempe.
16:31 of 2nd period - Goal by Adrian Kempe - Diablos : 3 - Thunder : 2.
16:32 of 2nd period - Brayden Point wins face-off versus Corey Trivino in neutral zone.
17:24 of 2nd period - Snap shot by Sergey Tolchinsky.
17:24 of 2nd period - Stopped by Sergei Kostenko with a rebound.
17:26 of 2nd period - Slapshot by Brian Dumoulin.
17:26 of 2nd period - Shot Misses the Net.
17:28 of 2nd period - Wrist shot by Viktor Loov.
17:28 of 2nd period - Shot Misses the Net.
17:48 of 2nd period - Slapshot by Ty Rattie.
17:48 of 2nd period - Shot Blocked by Gianluca Curcuruto.
17:48 of 2nd period - Gianluca Curcuruto from Thunder is injured at 17:48 of 2nd period (Broken Left Thumb).
17:49 of 2nd period - Corey Trivino wins face-off versus Brayden Point in Thunder zone.
17:52 of 2nd period - Snap shot by Adrian Kempe.
17:52 of 2nd period - Shot Hit the Post.
17:57 of 2nd period - Minor Penalty to Viktor Loov for Roughing.
17:58 of 2nd period - Corey Trivino wins face-off versus Brayden Point in Diablos zone.
18:30 of 2nd period - Slapshot by Jamie McGinn.
18:30 of 2nd period - Goal by Jamie McGinn - Diablos : 3 - Thunder : 3.
18:31 of 2nd period - Corey Trivino wins face-off versus Colton Sceviour in neutral zone.
19:58 of 2nd period - Slapshot by Jesper Pettersson.
19:58 of 2nd period - Shot Blocked by Viktor Loov.
Goals for this period are 3 for Diablos vs 3 for Thunder.
Shots for this period are 15 for Diablos vs 10 for Thunder.
3rd period
0:01 of 3rd period - Brayden Point wins face-off versus Corey Trivino in neutral zone.
0:20 of 3rd period - Colton Sceviour is hit by Adrian Kempe and loses puck.
1:01 of 3rd period - Snap shot by Sergey Tolchinsky.
1:01 of 3rd period - Goal by Sergey Tolchinsky - Diablos : 4 - Thunder : 3.
1:02 of 3rd period - Corey Trivino wins face-off versus Brayden Point in neutral zone.
1:17 of 3rd period - Slapshot by Mikko Vainonen.
1:17 of 3rd period - Shot Blocked by Viktor Loov.
1:27 of 3rd period - Wrist shot by Trevor Lewis.
1:27 of 3rd period - Shot Blocked by Brian Dumoulin.
1:40 of 3rd period - Adrian Kempe is hit by Jamie McGinn.
2:04 of 3rd period - Snap shot by Jordan Weal.
2:04 of 3rd period - Stopped by Joni Ortio with a rebound.
2:52 of 3rd period - Wrist shot by Adrian Kempe.
2:52 of 3rd period - Stopped by Sergei Kostenko with a rebound.
2:54 of 3rd period - Wrist shot by Danton Heinen.
2:54 of 3rd period - Shot Misses the Net.
3:16 of 3rd period - Slapshot by Jesper Pettersson.
3:16 of 3rd period - Stopped by Joni Ortio with a rebound.
3:40 of 3rd period - Slapshot by Danton Heinen.
3:40 of 3rd period - Shot Misses the Net.
3:42 of 3rd period - Slapshot by Viktor Loov.
3:42 of 3rd period - Stopped by Sergei Kostenko with a rebound.
3:44 of 3rd period - Wrist shot by Adrian Kempe.
3:44 of 3rd period - Goal by Adrian Kempe - Diablos : 5 - Thunder : 3.
3:45 of 3rd period - Adam Gaudette wins face-off versus Brayden Point in neutral zone.
4:00 of 3rd period - Minor Penalty to Alex Petrovic for Interference.
4:01 of 3rd period - Brayden Point wins face-off versus Peter Holland in Diablos zone.
4:01 of 3rd period - Snap shot by Dany Roussin.
4:01 of 3rd period - Stopped by Joni Ortio with a rebound.
4:03 of 3rd period - Snap shot by Dany Roussin.
4:03 of 3rd period - Shot Misses the Net.
4:05 of 3rd period - Slapshot by Josh Manson.
4:05 of 3rd period - Deflect By Dany Roussin.
4:05 of 3rd period - Stopped by Joni Ortio with a rebound.
4:07 of 3rd period - Slapshot by Roman Josi.
4:07 of 3rd period - Shot Misses the Net.
4:09 of 3rd period - Slapshot by Dany Roussin.
4:09 of 3rd period - Shot Misses the Net.
4:11 of 3rd period - Snap shot by Colton Sceviour.
4:11 of 3rd period - Stopped by Joni Ortio with a rebound.
4:17 of 3rd period - Slapshot by Roman Josi.
4:17 of 3rd period - Deflect By Brayden Point.
4:17 of 3rd period - Goal by Brayden Point - Diablos : 5 - Thunder : 4.
4:18 of 3rd period - Brayden Point wins face-off versus Adam Gaudette in neutral zone.
4:28 of 3rd period - Slapshot by Dany Roussin.
4:28 of 3rd period - Stopped by Joni Ortio with a rebound.
4:30 of 3rd period - Snap shot by Brayden Point.
4:30 of 3rd period - Stopped by Joni Ortio without a rebound.
4:31 of 3rd period - Brayden Point wins face-off versus Adam Gaudette in Diablos zone.
4:34 of 3rd period - Wrist shot by Dany Roussin.
4:34 of 3rd period - Shot Misses the Net.
4:46 of 3rd period - Snap shot by Jiri Sekac.
4:46 of 3rd period - Stopped by Sergei Kostenko with a rebound.
5:15 of 3rd period - Icing by Josh Manson.
5:16 of 3rd period - Jakub Vrana wins face-off versus Trevor Lewis in Thunder zone.
5:17 of 3rd period - Wrist shot by Ty Rattie.
5:17 of 3rd period - Stopped by Sergei Kostenko with a rebound.
5:23 of 3rd period - Jamie McGinn is hit by Jiri Sekac.
6:09 of 3rd period - Dean Kukan is hit by Jamie McGinn and loses puck.
6:18 of 3rd period - Snap shot by Roman Josi.
6:18 of 3rd period - Deflect By Trevor Lewis.
6:18 of 3rd period - Stopped by Joni Ortio without a rebound.
6:19 of 3rd period - Brayden Point wins face-off versus Adam Gaudette in Diablos zone.
8:23 of 3rd period - Colton Sceviour is hit by Danton Heinen and loses puck.
8:44 of 3rd period - Artturi Lehkonen is hit by Ty Rattie and loses puck.
9:31 of 3rd period - Jesper Pettersson is hit by Andrey Pedan and loses puck.
10:22 of 3rd period - Slapshot by Ty Rattie.
10:22 of 3rd period - Shot Blocked by Josh Manson.
11:23 of 3rd period - Andrey Pedan is hit by Brayden Point and loses puck.
12:39 of 3rd period - Austin Poganski is hit by Jiri Sekac and loses puck.
13:06 of 3rd period - Minor Penalty to Danton Heinen for Slashing.
13:07 of 3rd period - Corey Trivino wins face-off versus Brayden Point in Diablos zone.
14:14 of 3rd period - Roman Josi is hit by Corey Tropp and loses puck.
15:06 of 3rd period - Penalty to Danton Heinen is over, Danton Heinen is back on ice.
15:21 of 3rd period - Ryan Graves is hit by Adam Gaudette and loses puck.
15:32 of 3rd period - Icing by Jordan Weal.
15:33 of 3rd period - Dominic Turgeon wins face-off versus Vincent Dunn in Thunder zone.
15:44 of 3rd period - Dominic Turgeon is hit by Jordan Weal and loses puck.
16:02 of 3rd period - Jordan Weal is hit by Jakub Vrana and loses puck.
16:31 of 3rd period - Icing by Jesper Pettersson.
16:32 of 3rd period - Vincent Dunn wins face-off versus Corey Trivino in Thunder zone.
16:47 of 3rd period - Snap shot by Adrian Kempe.
16:47 of 3rd period - Shot Blocked by Jordan Weal.
17:01 of 3rd period - Snap shot by Dany Roussin.
17:01 of 3rd period - Deflect By Colton Sceviour.
17:01 of 3rd period - Stopped by Joni Ortio without a rebound.
17:02 of 3rd period - Brayden Point wins face-off versus Corey Trivino in Diablos zone.
17:35 of 3rd period - Wrist shot by Jamie McGinn.
17:35 of 3rd period - Stopped by Joni Ortio with a rebound.
17:37 of 3rd period - Slapshot by Mikko Vainonen.
17:37 of 3rd period - Shot Misses the Net.
17:39 of 3rd period - Slapshot by Ryan Graves.
17:39 of 3rd period - Stopped by Joni Ortio without a rebound.
17:40 of 3rd period - Trevor Lewis wins face-off versus Adam Gaudette in Diablos zone.
17:51 of 3rd period - Snap shot by Jamie McGinn.
17:51 of 3rd period - Stopped by Joni Ortio with a rebound.
18:25 of 3rd period - Tyler Pitlick is hit by Brayden Point and loses puck.
18:34 of 3rd period - Snap shot by Tyler Pitlick.
18:34 of 3rd period - Shot Blocked by Mikko Vainonen.
19:07 of 3rd period - Minor Penalty to Colton Sceviour for Hooking.
19:08 of 3rd period - Adrian Kempe wins face-off versus Colby Cave in Thunder zone.
19:24 of 3rd period - Snap shot by Brian Dumoulin.
19:24 of 3rd period - Deflect By Adrian Kempe.
19:24 of 3rd period - Shot Blocked by Jamie McGinn.
19:24 of 3rd period - Puck is out of play.
19:25 of 3rd period - Lanne MacDonald call a timeout for Thunder.
19:25 of 3rd period - Trevor Lewis wins face-off versus Peter Holland in Thunder zone.
19:58 of 3rd period - Backhand shot by Corey Trivino.
19:58 of 3rd period - Stopped by Sergei Kostenko with a rebound.
Goals for this period are 2 for Diablos vs 1 for Thunder.
Shots for this period are 7 for Diablos vs 13 for Thunder.